 Dungeon Crawl Stone Soup version 0.22-a0-417-g1387785 (webtiles) character file.

49 Goblin1989 the Chopper (level 3, -1/29 HPs)
             Began as a Demonspawn Chaos Knight on May 14, 2018.
             Slain by a worm (11 damage)
             ... on level 2 of the Dungeon.
             The game lasted 00:03:07 (391 turns).

Goblin1989 the Chopper (Demonspawn Chaos Knight)     Turns: 391, Time: 00:03:07

Health: -1/29      AC:  5    Str: 13    XL:     3   Next: 51%
Magic:  3/3        EV: 11    Int: 13    God:    Xom [..*...]
Gold:   59         SH:  0    Dex: 12    Spells: 2/2 levels left

rFire    . . .     SeeInvis .   a - +0 hand axe (chaos)
rCold    . . .     Gourm    .   (no shield)
rNeg     . . .     Faith    .   b - +2 leather armour
rPois    .         Spirit   .   (helmet restricted)
rElec    .         Reflect  .   (no cloak)
rCorr    .         Harm     .   (no gloves)
MR       .....                  (no boots)
Stlth    +.........             (no amulet)
HPRegen  0.09/turn              (no ring)
MPRegen  0.08/turn              (no ring)

@: lethally poisoned (-1 -> -4)
A: claws 1, horns 1
a: Renounce Religion


You were on level 2 of the Dungeon.
You worshipped Xom.
You were a toy of Xom.
You were not hungry.

You visited 1 branch of the dungeon, and saw 2 of its levels.

You collected 59 gold pieces.

Inventory:

Hand Weapons
 a - a +0 hand axe of chaos (weapon)
Armour
 b - a +2 leather armour (worn)
Scrolls
 g - a scroll of immolation {unknown}
 h - a scroll of magic mapping {unknown}
 i - a scroll of remove curse {unknown}
 k - a scroll of teleportation {unknown}
Potions
 f - a potion of heal wounds {unknown}
 j - a potion of cancellation {unknown}
Comestibles
 e - 4 rations


   Skills:
 - Level 3.0 Fighting
 - Level 3.2 Axes
 - Level 1.7 Armour
 - Level 0.8 Dodging
 + Level 2.2 Unarmed Combat


You had 2 spell levels left.
You didn't know any spells.
Your spell library was empty.

Dungeon Overview and Level Annotations

Branches:
Dungeon (2/15)

Altars:


Innate Abilities, Weirdness & Mutations

You have sharp fingernails.
You have a pair of small horns on your head.


Message History

Your kobold zombie hits the jackal but does no damage.
The jackal bites you. The kobold hits you but does no damage.
You take 1 damage, and have 21/24 hp.
You hit the kobold but do no damage.
The kobold appears confused.
You hit the jackal.
The jackal's front paws glow momentarily.
The jackal bites you but does no damage.
Your kobold zombie closely misses the jackal.
The jackal barely misses you.
Your kobold zombie hits the jackal with a club.
The jackal dies!
You hit the kobold.
The kobold is moderately wounded.
The kobold screams, "I'll kill you anyway!"
Your kobold zombie hits the kobold but does no damage.
Your kobold zombie hits the kobold with a club.
The kobold hits your kobold zombie with a short sword.
You catch the helpless kobold completely off-guard!
You hit the kobold. You burn the kobold.
You kill the kobold!
You see here a short sword.
k - a scroll labeled OMNURI TECRIY You now have 48 gold pieces (gained 9).
Your kobold zombie crumbles into dust!
Health restored: 24
There is a stone staircase leading down here.
You climb downwards.
There is a stone staircase leading up here.
You see here 24 sling bullets.
You see here a war axe.
You see here a hand axe.
Found a stone staircase leading down.
You now have 59 gold pieces (gained 11).
A worker ant comes into view.
The worker ant twitches its antennae in your direction.
The worker ant closely misses you. The worker ant bites you.
You take 1 damage, and have 23/24 hp.
You hit the worker ant but do no damage.
The worker ant closely misses you.
The worker ant bites you but does no damage.
You hit the worker ant.
Sparks of electricity dance over your hand axe of chaos.
The worker ant is lightly wounded.
The worker ant barely misses you.
You hit the worker ant but do no damage.
The worker ant seems to slow down.
The worker ant is lightly wounded.
The worker ant bites you.
You are poisoned.
The worker ant poisons you!
You take 1 damage, and have 22/24 hp.
You barely miss the worker ant.
The worker ant is lightly wounded.
You feel sick. The worker ant closely misses you.
You barely miss the worker ant.
The worker ant is lightly wounded.
You feel sick. The worker ant misses you.
You take 1 damage, and have 21/24 hp.
You hit the worker ant but do no damage.
The worker ant is lightly wounded.
The worker ant barely misses you.
You closely miss the worker ant.
The worker ant is lightly wounded.
You emit a cloud of colourful smoke!
You feel sick.
You almost hear Xom's maniacal laughter.
You feel uncomfortable. The worker ant bites you.
You are more poisoned.
The worker ant poisons you!
You take 4 damage, and have 17/24 hp.
You closely miss the worker ant.
The worker ant is lightly wounded.
You feel sick. The worker ant bites you.
You take 5 damage, and have 12/24 hp.
MASSIVE DAMAGE!!
You hit the worker ant.
Lightning courses through the worker ant!
You kill the worker ant!
Your Unarmed Combat skill increases to level 2!
You have reached level 3!
Your experience leads to an increase in your attributes!
Increase (S)trength, (I)ntelligence, or (D)exterity?
You feel stronger.
Your demonic ancestry asserts itself...
A pair of horns grows on your head!
Xom is highly amused!
You regained 3 hp, and now have 15/29 hp.
MP restored: 3 You feel sick.
You take 1 damage, and have 14/29 hp.
You feel sick.
You take 1 damage, and have 13/29 hp.
You feel sick.
You take 1 damage, and have 12/29 hp.
You feel sick.
You take 1 damage, and have 11/29 hp.
You feel sick.
You take 1 damage, and have 10/29 hp.
You hit the worm but do no damage.
You feel sick. The worm bites you!
You die... "Huh?
Did I miss anything?"

█. █.█ █.█ █.███ █..
█...
██████.█████.███████
...................█
██████.████.█████.█
█..█ █.█ █.█
███████.███.█████.█
..........█...@...█
█..........^.w█████.█
█.██████..█.........█
█..█.█........
█..█.█.<....
██.█.█.....
███...█...████
█.....█......█
█.██..█<█


You could see a worm.

Vanquished Creatures
  A worker ant (D:2)
  A leopard gecko (D:1)
  3 bats (D:1)
  A giant cockroach (D:1)
  2 goblins (D:1)
  5 hobgoblins (D:1)
  A jackal (D:1)
  A frilled lizard (D:1)
  3 kobolds (D:1)
18 creatures vanquished.

Vanquished Creatures (collateral kills)
  A jackal (D:1)
1 creature vanquished.

Grand Total: 19 creatures vanquished

Notes
Turn   | Place    | Note
-------+----------+-------------------------------------------
     0 | D:1      | Goblin1989 the Demonspawn Chaos Knight began the quest for the Orb.
     0 | D:1      | Reached XP level 1. HP: 18/18 MP: 1/1
    40 | D:1      | XOM: butterfly on damage
    63 | D:1      | XOM: potion effect (might)
    74 | D:1      | Gained mutation: You have sharp fingernails. [demonic ancestry]
    74 | D:1      | Reached XP level 2. HP: 7/24 MP: 2/2
   144 | D:1      | Reached skill level 1 in Unarmed Combat
   296 | D:1      | Goblin1989: !hs * dsck
   296 | D:1      | beem: 66714. p0werm0de the Thanatomancer (L27 DsCK of Xom), escaped with the Orb and 15 runes on 2018-01-20 17:13:22, with 39393967 points after 37126 turns and 5:18:26.
   296 | D:1      | Goblin1989: !hs * dsck -log
   296 | D:1      | beem: 66714. p0werm0de, XL27 DsCK, T:37126: https://crawl.xtahua.com/crawl/morgue/p0werm0de/morgue-p0werm0de-20180120-171322.txt
   378 | D:2      | XOM: smoke on damage
   378 | D:2      | XOM: harmless Tloc miscast
   380 | D:2      | Gained mutation: You have a pair of small horns on your head. [demonic ancestry]
   380 | D:2      | Reached XP level 3. HP: 14/29 MP: 3/3
   391 | D:2      | Slain by a worm

Vault maps used:
D:1:      sevenhm_arrival_forest_fort_small_6, serial_glass, glass_columns_a,
          glass_columns_a, hangedman_decor_growths
D:2:      gammafunk_temple_overflow_pools

Skill      XL: |  1  2 |
---------------+-------+-----
Axes           | 3 |  3.2
Unarmed Combat | 2 |  2.2
Fighting       | |  3.0
Armour         | |  1.7
Dodging        | |  0.8

Action                   || total
-------------------------++-------
Melee: Hand axe          ||    50
 Stab: Confused          ||     1
Armor: Leather armour    ||    26
Dodge: Dodged            ||    35

Table legend:
 A = Spawn XP
 B = Non-spawn XP
 C = Spawn XP percentage of total XP
 D = Spawn monster count
 E = Non-spawn monster count
 F = Spawn count percentage of total count
 G = Total turns spent on level
                    A         B        C        D         E        F      G
               +---------+---------+-------+---------+---------+-------+---------
         Total |       0 |      70 |   0.0 |       0 |      19 |   0.0 |   391
               +---------+---------+-------+---------+---------+-------+---------
           D:1 |       0 |      34 |   0.0 |       0 |      18 |   0.0 |   295
           D:2 |       0 |      36 |   0.0 |       0 |       1 |   0.0 |    96
               +---------+---------+-------+---------+---------+-------+---------

Vault maps used:
D:1:      sevenhm_arrival_forest_fort_small_6, serial_glass, glass_columns_a,
          glass_columns_a, hangedman_decor_growths
D:2:      gammafunk_temple_overflow_pools
